 Dungeon Crawl Stone Soup version 0.26-a0-854-gdc81c2f471 (webtiles) character file.

Game seed: 16755141927873388283

1862 pablito the Bolt Thrower (level 8, -8/67 HPs)
             Began as a Deep Dwarf Hunter on Nov 23, 2020.
             Mangled by a hornet (9 damage)
             ... while paralysed by a hornet
             ... on level 5 of the Dungeon.
             The game lasted 00:19:56 (4343 turns).

pablito the Bolt Thrower (Deep Dwarf Hunter)        Turns: 4343, Time: 00:19:56

Health: -8/67      AC:  8    Str: 17    XL:     8   Next: 89%
Magic:  7/7        EV:  2    Int: 11    God:
Gold:   229        SH:  0    Dex: 15    Spells: 7/7 levels left

rFire    . . .     SeeInvis .   G - +2 broad axe (flame)
rCold    + . .     Faith    .   (no shield)
rNeg     . . .     Spirit   .   j - +0 ring mail
rPois    .         Reflect  +   e - +1 helmet
rElec    .         Harm     .   (no cloak)
rCorr    .         Rampage  .   (no gloves)
MR       +....                  (no boots)
Stlth    ++........             s - amulet of reflection
HPRegen  0.00/turn              h - ring of protection from cold
MPRegen  0.10/turn              (no ring)

@: paralysed, lethally poisoned (-8 -> -8), non-regenerating
A: damage resistance, heal wounds, sense surroundings 1, no regeneration
a: Heal Wounds


You were on level 5 of the Dungeon.
You visited 1 branch of the dungeon, and saw 6 of its levels.

You collected 229 gold pieces.

Inventory:

Hand Weapons
 a - a +1 hand crossbow
 b - a +0 short sword
 A - a +1 whip of flaming
 F - a +0 mace
 G - a +2 broad axe of flaming (weapon)
Missiles
 d - 12 bolts (quivered)
Armour
 c - a +0 leather armour
 e - a +1 helmet (worn)
 j - a +0 ring mail (worn)
 l - a +0 tower shield
Jewellery
 h - a ring of protection from cold (left hand)
 n - an uncursed amulet of faith
 s - an amulet of reflection (around neck)
Wands
 r - a wand of polymorph (13)
 v - a wand of random effects (16)
 y - a wand of iceblast (8)
Scrolls
 g - a scroll of enchant armour
 i - 2 scrolls of teleportation
 k - 4 scrolls of remove curse
 o - 2 scrolls of identify
 q - a scroll of random uselessness {unknown}
 x - a scroll of enchant weapon {unknown}
 z - a scroll of noise {unknown}
 B - a scroll of immolation {unknown}
 C - a scroll of magic mapping {unknown}
 D - a scroll of amnesia {unknown}
 H - a scroll of acquirement {unknown}
Potions
 f - a potion of flight {unknown}
 m - a potion of mutation {unknown}
 p - 2 potions of heal wounds {unknown}
 t - 2 potions of degeneration
 u - 3 potions of curing {unknown}
 w - 3 potions of brilliance {unknown}
 E - a potion of resistance {unknown}


   Skills:
 - Level 2.0 Fighting
 + Level 0.6(1.6) Axes
 - Level 2.2 Maces & Flails
 + Level 7.2 Crossbows
 + Level 4.4 Armour
 + Level 6.1 Dodging
 - Level 4.0 Stealth
 + Level 5.1 Shields
 + Level 5.3 Evocations


You had 7 spell levels left.
You didn't know any spells.
Your spell library was empty.

Dungeon Overview and Level Annotations

Branches:
Dungeon (6/15)
 Temple: D:4-7

Altars:
Kikubaaqudgha
Trog
Vehumet
The Shining One

Shops:
D:4 :


Innate Abilities, Weirdness & Mutations

You are resistant to damage.
You can heal yourself by infusing magical energy.
You passively map a small area around you.
You do not regenerate.


Message History

The hornet is moderately wounded.
You miss the quasit. The hornet closely misses you.
You block the quasit's attack. The quasit misses you.
The quasit claws you but does no damage.
The hornet misses you. The quasit closely misses you.
You block the quasit's attack.
The quasit claws you but does no damage.
The hornet completely misses you.
You closely miss the hornet.
The hornet is moderately wounded.
You hit the quasit. You burn the quasit.
You kill the quasit!
The hornet stings you!
* * * LOW HITPOINT WARNING * * *
You feel yourself slow down. The hornet stings you!
* * * LOW HITPOINT WARNING * * *
You suddenly lose the ability to move!
You feel yourself speed up. The hornet barely misses you.
The hornet stings you!
You die...

##..........<......#
##...............## ######
#..........#...## .....#
#..........##.#### ####.#
#..........##..... #.#
#.###########^#### #.# ######.#
#+# #.# #.....y# ####### #.#
#.###.@### #####.## ##.### #.#
#..#.## ####Z##..#
###....####.####....####.#####...
.......................'.#...#...
###....####.####....####.#._.#...
##.#.# #......#.## ###...#..#
###.# ######.### #.....## #.# #.#
##...## ####.# #.# ##'##


You could see a hornet.

Vanquished Creatures
  Pikel (D:3)
  Maggie (D:6)
  An ice beast (D:6)
  A phantom (D:5)
  3 centaurs
  2 bullfrog zombies (D:5)
  A hound (D:5)
  A jelly (D:5)
  4 orc wizards
  3 orc priests (D:4)
  A quasit (D:5)
  A centaur skeleton (D:4)
  Crazy Yiuf (D:5)
  5 worker ants
  A killer bee zombie (D:5)
  A hound skeleton (D:4)
  A gnoll (D:1)
  5 adders
  A shadow imp (D:5)
  A white imp (D:5)
  An ufetubus (D:5)
  An adder skeleton (D:5)
  2 worms (D:4)
  3 dart slugs
  A leopard gecko (D:4)
  13 orcs
  A ball python (D:3)
  5 bats
  3 giant cockroaches
  7 goblins
  A hobgoblin (D:3)
  3 jackals (D:5)
  4 frilled lizards
  7 kobolds
  3 rats
91 creatures vanquished.

Vanquished Creatures (others)
  A human (D:5)
1 creature vanquished.

Grand Total: 92 creatures vanquished

Notes
Turn   | Place    | Note
-------+----------+-------------------------------------------
     0 | D:1      | pablito the Deep Dwarf Hunter began the quest for the Orb.
     0 | D:1      | Reached XP level 1. HP: 19/19 MP: 1/1
   172 | D:1      | Reached XP level 2. HP: 19/26 MP: 2/2
   507 | D:1      | Reached XP level 3. HP: 23/32 MP: 3/3
  1277 | D:3      | Reached XP level 4. HP: 28/39 MP: 4/4
  1474 | D:3      | Reached skill level 5 in Crossbows
  1958 | D:3      | Reached skill level 1 in Shields
  2010 | D:4      | Noticed a centaur
  2014 | D:4      | Killed a centaur
  2015 | D:4      | Reached XP level 5. HP: 33/45 MP: 5/5
  2255 | D:4      | Noticed a lemure
  2258 | D:4      | Noticed Pikel
  2260 | D:4      | Noticed a lemure
  2261 | D:4      | Noticed a lemure
  2265 | D:4      | Noticed a lemure
  2417 | D:4      | Reached XP level 6. HP: 35/52 MP: 6/6
  2511 | D:4      | Reached skill level 1 in Evocations
  2516 | D:4      | Reached skill level 1 in Armour
  2652 | D:4      | Found Hoenenitz's Book Shop.
  2936 | D:3      | Killed Pikel
  2937 | D:3      | Reached skill level 6 in Crossbows
  2937 | D:3      | Reached skill level 5 in Dodging
  2937 | D:3      | Reached XP level 7. HP: 44/60 MP: 7/7
  3148 | D:5      | Entered Level 5 of the Dungeon
  3242 | D:5      | Found an ancient bone altar of Kikubaaqudgha.
  3243 | D:5      | Noticed a human
  3245 | D:5      | Killed a human
  3293 | D:5      | Found a radiant altar of Vehumet.
  3293 | D:5      | Found a bloodstained altar of Trog.
  3304 | D:5      | Found a glowing golden altar of the Shining One.
  3421 | D:5      | Reached XP level 8. HP: 37/67 MP: 8/8
  3808 | D:5      | Reached skill level 1 in Maces & Flails
  3934 | D:5      | Found a runed translucent door.
  3935 | D:5      | Noticed Crazy Yiuf
  4049 | D:5      | Killed Crazy Yiuf
  4263 | D:6      | Noticed Maggie
  4294 | D:6      | Killed Maggie
  4295 | D:6      | Reached skill level 7 in Crossbows
  4295 | D:6      | Reached skill level 5 in Shields
  4295 | D:6      | Reached skill level 5 in Evocations
  4319 | D:6      | Noticed a hornet
  4322 | D:6      | Paralysed by a hornet for 1 turns
  4325 | D:6      | Noticed a red ugly thing
  4342 | D:5      | HP: 1/67 [hornet (8)]
  4342 | D:5      | Paralysed by a hornet for 2 turns
  4343 | D:5      | Mangled by a hornet

Illustrated notes

Levels and vault maps discovered:
D:1:      matt_arrival_diagonals, layout_basic
D:2:      layout_basic
D:3:      layout_basic
D:4:      layout_layer_cave, serial_shops, shop, uniq_pikel
D:5:      layout_loops_corners, minitemple, tgw_kikubaaqudgha,
          uniq_crazy_yiuf_cottage
D:6:      hangedman_cross_stitches, layout_cave_pools,
          gammafunk_temple_overflow_statue, uniq_maggie, uniq_eustachio

Skill      XL: |  1  2  3  4  5  6  7  8 |
---------------+-------------------------+-----
Fighting       | 2 |  2.0
Stealth        | 2 3 4 |  4.0
Dodging        | 3 4 5 6 |  6.1
Crossbows      | 5 6 7 |  7.2
Shields        | 2 3 4 5 |  5.1
Evocations     | 3 5 |  5.3
Armour         | 2 3 4 |  4.4
Maces & Flails | 2 |  2.2
Axes           | |  0.6

Action                   |  1- 3 |  4- 6 |  7- 9 || total
-------------------------+-------+-------+-------++-------
Melee: Short sword       |       |    22 |       ||    22
       Whip              |       |       |    60 ||    60
       Broad axe         |       |       |     9 ||     9
 Fire: Hand crossbow     |    67 |   111 |    96 ||   274
 Abil: Heal Wounds       |       |     4 |     3 ||     7
  Use: Scroll            |     1 |     3 |       ||     4
Armor: Leather armour    |     3 |       |       ||     3
       Ring mail         |       |    15 |    55 ||    70
Dodge: Dodged            |     7 |    37 |   103 ||   147
Block: Other             |     2 |    12 |    38 ||    52
       Reflection        |       |       |     1 ||     1

Table legend: (Time is in decaauts)
 A = Elapsed time spent in this place.
 B = Non-inter-level travel time spent in this place.
 C = Inter-level travel time spent in this place.
 D = Time resting spent in this place.
 E = Time spent auto-exploring this place.
 F = Levels seen in this place.
 G = Mean time per level.
                   A        B        C        D        E       F      G
               +--------+--------+--------+--------+--------+-----+--------+
         Total |   4413 |   4146 |    267 |      0 |   3333 |   6 |  735.5 |
       Dungeon |   4413 |   4146 |    267 |      0 |   3333 |   6 |  735.5 |
               +--------+--------+--------+--------+--------+-----+--------+

Top non-repeatable levels by time:
     D:5: 1133 daAuts
     D:4: 1116 daAuts
     D:3: 867 daAuts
     D:1: 708 daAuts
     D:2: 501 daAuts
     D:6: 86 daAuts
